 Dungeon Crawl Stone Soup version 0.28.0-53-g5a82cb258f (webtiles) character file.

Game seed: 4592967429213309087

154 issech the Chopper (level 5, -5/47 HPs)
             Began as a Minotaur Monk on June 5, 2022.
             Killed by divine providence
             ... invoked by an orc priest
              (14 damage)
             ... on level 3 of the Dungeon.
             The game lasted 00:05:27 (1944 turns).

issech the Chopper (Minotaur Monk)                  Turns: 1944, Time: 00:05:27

Health: -5/47      AC: 10    Str: 15    XL:     5   Next: 13%
Magic:  4/4        EV: 11    Int:  7    God:
Gold:   59         SH:  0    Dex: 15    Spells: 4/4 levels left

rFire   . . .      SeeInvis .   a - +0 hand axe
rCold   . . .      Faith    .   (no shield)
rNeg    . . .      Spirit   .   n - +0 scale mail
rPois   .          Reflect  .   (helmet restricted)
rElec   .          Harm     .   (no cloak)
rCorr   .          Rampage  .   (no gloves)
Will    .....                   (no boots)
Stlth   +.........              (no amulet)
HPRegen 0.15/turn               f - +4 ring of protection
MPRegen 0.09/turn               (no ring)

@: no status effects
A: horns 2, retaliatory headbutt
a: no special abilities


You were on level 3 of the Dungeon.
You visited 1 branch of the dungeon, and saw 3 of its levels.

You collected 59 gold pieces.

Inventory:

Hand Weapons
 a - a +0 hand axe (weapon)
Missiles
 i - 27 arrows
 o - 18 bolts
 q - 24 stones (quivered)
Armour
 b - a +0 robe
 l - a +0 ring mail
 n - a +0 scale mail (worn)
Jewellery
 f - a +4 ring of protection (left hand)
Scrolls
 c - 3 scrolls of identify {unknown}
 d - a scroll of enchant weapon {unknown}
 g - a scroll of torment {unknown}
 h - a scroll of fear {unknown}
 j - a scroll of vulnerability {unknown}
 k - a scroll of enchant armour {unknown}
 p - a scroll of amnesia {unknown}
Potions
 e - a potion of flight {unknown}
 m - 2 potions of attraction {unknown}


   Skills:
 + Level 4.6 Fighting
 + Level 5.1 Axes
 + Level 0.6 Armour
 + Level 4.2 Dodging
 + Level 2.2 Stealth


You had 4 spell levels left.
You didn't know any spells.
Your spell library contained the following spells:

 Spells                   Type           Power      Damage    Failure   Level
 Sublimation of Blood     Necr           0%         N/A       96%         2
 Wereblood                Tmut           0%         N/A       96%         2
 Summon Hydra             Summ           0%         N/A       100%        7


Dungeon Overview and Level Annotations

Branches:
Dungeon (3/15)

Altars:
Makhleb
Xom


Innate Abilities, Weirdness & Mutations

You have a pair of horns on your head.
You reflexively headbutt those who attack you in melee.


Message History

The frilled lizard hisses angrily.
You hear a shout!
An orc comes into view. It is wielding a +0 club.
You see here 24 stones.
An orc comes into view. It is wielding a +0 falchion.
The orc shouts!
You hear a shout!
The frilled lizard bites you but does no damage.
An orc comes into view. It is wielding a +0 trident.
You miss the frilled lizard.
The orc shouts!
Your headbutt misses the frilled lizard.
The frilled lizard barely misses you.
An orc priest comes into view. It is wielding a +0 hand axe.
The orc priest shouts!
You slash the frilled lizard!
You kill the frilled lizard!
An orc comes into view. It is wielding a +0 club.
You see here 24 stones.
q - 24 stones You barely miss the orc.
Your headbutt misses the orc. The orc misses you.
You barely miss the orc. Your headbutt misses the orc.
The orc priest begins to cast a cantrip, but forgets the words!
You slash the orc!
You kill the orc!
The orc priest mumbles some strange prayers to Beogh against you.
Beogh smites you!
You closely miss the orc. The orc hits you but does no damage.
The orc hits you from afar with a +0 trident!
* * * LOW HITPOINT WARNING * * *
You hit the orc. Your headbutt misses the orc.
The orc is severely wounded.
The orc closely misses you. x2
The orc priest miscasts a cantrip.
You closely miss the orc.
The orc is severely wounded.
The orc hits you with a +0 club.
* * * LOW HITPOINT WARNING * * *
The orc barely misses you.
The orc priest mumbles some strange prayers to Beogh against you.
Beogh smites you!
You die...

#.....#...)#####
.##.##†##..#
...........#
###.##<##..#
#(##.##..#
........#
....##..#
######..########
#.......@.#
#........###o#
#.###.##.# #)# #
#.##.#..o..#
#.##.#.#o#.#
#.##.....#.#
#.##.. ### #
#.##... #.


You could see an orc priest and 2 orcs.

Vanquished Creatures
  2 orc wizards (D:3)
  A gnoll (D:1)
  2 adders
  A worm (D:2)
  5 dart slugs
  10 orcs
  6 endoplasms
  A giant cockroach (D:1)
  4 goblins
  4 hobgoblins (D:1)
  A quokka (D:2)
  7 ball pythons
  3 bats
  2 frilled lizards (D:3)
  A kobold (D:1)
  6 rats
56 creatures vanquished.

Notes
Turn   | Place    | Note
-------+----------+-------------------------------------------
     0 | D:1      | issech the Minotaur Monk began the quest for the Orb.
     0 | D:1      | Reached XP level 1. HP: 19/19 MP: 0/0
    35 | D:1      | Found a faded altar of an unknown god.
   394 | D:1      | Reached XP level 2. HP: 26/27 MP: 1/1
   566 | D:1      | Reached skill level 4 in Axes
   624 | D:1      | Reached XP level 3. HP: 33/33 MP: 2/2
   880 | D:2      | Found a shimmering altar of Xom.
  1173 | D:2      | Reached XP level 4. HP: 41/41 MP: 3/3
  1571 | D:3      | Found a burning altar of Makhleb.
  1906 | D:3      | Reached skill level 5 in Axes
  1906 | D:3      | Reached XP level 5. HP: 30/47 MP: 4/4
  1944 | D:3      | Killed from afar by an orc priest

Illustrated notes

Levels and vault maps discovered:
D:1:      beargit_arrival_diablo_church, layout_basic,
          hellmonk_ecumenical_altar_blasted
D:2:      layout_rooms, basic_altar
D:3:      layout_loops_ring, mainiacjoe_overflow_concentric_impassable,
          uniq_grinder, uniq_robin

Skill      XL: |  1  2  3  4 |
---------------+-------------+-----
Fighting       | 4 |  4.6
Axes           | 4 5 |  5.1
Stealth        | 2 |  2.2
Dodging        | 4 |  4.2
Armour         | |  0.6

Action                   |  1- 3 |  4- 6 || total
-------------------------+-------+-------++-------
Melee: Hand axe          |    69 |    55 ||   124
       Headbutt          |    11 |     5 ||    16
       Punch             |       |     1 ||     1
Throw: Dart              |       |     2 ||     2
 Stab: Sleeping          |     3 |     1 ||     4
Armor: Robe              |    21 |       ||    21
       Scale mail        |       |    18 ||    18
       Ring mail         |       |    10 ||    10
Dodge: Dodged            |    53 |    40 ||    93
